 Dungeon Crawl Stone Soup version 0.25-a0-1056-g2efb326896 (webtiles) character file.

Game seed: 4837332886943963375, levelgen mode: deterministic

4894 Flugslaktarn the Cleaver (level 10, 50/92 HPs)
             Began as a Deep Dwarf Fighter on May 13, 2020.
             Quit the game on level 8 of the Dungeon.
             The game lasted 00:03:40 (4142 turns).

Flugslaktarn the Cleaver (Deep Dwarf Fighter)       Turns: 4142, Time: 00:03:40

Health: 50/92      AC: 17    Str: 23      XL:     10   Next: 26%
Magic:  2/2        EV:  5    Int:  9      God:
Gold:   371        SH: 11    Dex: 12 (14) Spells: 9/9 levels left

rFire    . . .     SeeInvis .   a - +1 war axe
rCold    . . .     Gourm    .   c - +0 kite shield
rNeg     . . .     Faith    +   b - +0 plate armour
rPois    .         Spirit   .   f - +0 helmet
rElec    .         Reflect  .   (no cloak)
rCorr    .         Harm     .   (no gloves)
MR       +....                  g - +1 pair of boots
Stlth    ..........             h - amulet of faith
HPRegen  0.00/turn              j - +2 ring of dexterity
MPRegen  0.08/turn              v - ring of flight

@: non-regenerating
A: damage resistance, heal wounds, sense surroundings 2, no regeneration
a: Heal Wounds, Evoke Flight


You were on level 8 of the Dungeon.
You were very hungry.

You visited 2 branches of the dungeon, and saw 9 of its levels.

You collected 371 gold pieces.

Inventory:

Hand Weapons
 a - a +1 war axe (weapon)
Armour
 b - a +0 plate armour (worn)
   (You found it on level 7 of the Dungeon)
 c - a +0 kite shield (worn)
 f - a +0 helmet (worn)
   (You found it on level 8 of the Dungeon)
 g - a +1 pair of boots (worn)
   (You found it on level 4 of the Dungeon)
Jewellery
 h - an amulet of faith (around neck)
   (You found it on level 4 of the Dungeon)
 j - a +2 ring of dexterity (left hand)
   (You found it on level 6 of the Dungeon)
 l - an uncursed ring of ice
   (You found it on level 4 of the Dungeon)
 v - a ring of flight (right hand)
   (You found it on level 5 of the Dungeon)
Wands
 s - a wand of acid (17)
   (You found it on level 4 of the Dungeon)
Scrolls
 i - 4 scrolls of magic mapping
 k - 3 scrolls of enchant weapon
 p - a scroll of fog
 r - 2 scrolls of identify
 t - 3 scrolls of teleportation
Potions
 d - a potion of lignification
 m - 2 potions of flight
 n - 2 potions of resistance
Comestibles
 e - 13 rations


   Skills:
 + Level 6.7 Fighting
 * Level 10.6 Axes
 + Level 8.1 Armour
 + Level 8.2 Shields


You had 9 spell levels left.
You didn't know any spells.
Your spell library was empty.

Dungeon Overview and Level Annotations

Branches:
Dungeon (8/15)             Temple (1/1) D:7
   Lair: D:8-11

Altars:
Ashenzari
Dithmenos
Elyvilon
Fedhas
Gozag
Hepliaklqana
Kikubaaqudgha
Nemelex Xobeh
Okawaru
Qazlal
Ru
Sif Muna
Trog
Uskayaw
Vehumet
Wu Jian
Xom
Zin
The Shining One

Annotations:
D:5 exclusion: statue
D:8 exclusion: door


Innate Abilities, Weirdness & Mutations

You are resistant to damage.
You can heal yourself by infusing magical energy.
You passively map the area around you.
You do not regenerate.


Message History

Found a bloodstained altar of Trog.
No target in view!
No target in view!
No target in view!
No target in view!
No target in view!
No target in view!
No target in view!
No target in view!
No target in view!
No target in view!
There is an open door here.
There is an open door here.
You enter the shallow water.
Moving in this stuff is going to be slow.
Partly explored, can't reach some places.
Partly explored, can't reach some places.
Partly explored, can't reach some places.
Partly explored, can't reach some places.
Are you sure you want to abandon this character and quit the game? (Confirm with "yes".)

.# ### ###### .###.##
##....# ###...## ##..##^##
##.....######..##...##
#......#..#.#.###≈..≈##
.<...?........#.≈^#≈♣§#
..(((((<).....#.._≈≈♣^###
........)......≈^.__.≈^.#
..............#.@#^^♣.#.#
.##...........#_#....^#.#
.##...........##^≈...##.#
.###.......#...###.≈##..#
.......#...###..##.###.##
.......#...###......##.#
..<...###...##.........#
#####..##..##.........######
..###.###..##........##....#


There were no monsters in sight!

Vanquished Creatures
  A gargoyle (D:8)
  Maggie (D:7)
  Sigmund (D:6)
  3 humans (D:7)
  4 fire bats (D:8)
  2 steam dragons (D:5)
  Menkaure (D:7)
  2 orc warriors (D:7)
  2 black bears (D:7)
  A sky beast (D:7)
  2 ice beasts
  3 ogres
  6 centaurs
  A big kobold (D:8)
  6 bullfrogs
  5 killer bees (D:7)
  3 crimson imps
  2 quasits
  A gnoll shaman (D:5)
  4 orc wizards
  An orc priest (D:4)
  2 bullfrog skeletons (D:6)
  A jelly (D:7)
  A centaur skeleton (D:4)
  3 iguanas
  4 worker ants
  A killer bee zombie (D:6)
  4 gnolls (D:5)
  A howler monkey skeleton (D:7)
  5 adders
  A shadow imp (D:8)
  An adder skeleton (D:8)
  An adder zombie (D:5)
  3 leopard geckos
  15 orcs
  4 giant cockroaches
  3 goblins
  2 hobgoblins
  8 kobolds
  5 quokkas
  2 ball pythons
  2 frilled lizards
  3 leopard gecko skeletons
  A rat (D:3)
125 creatures vanquished.

Vanquished Creatures (others)
  A shadow imp (D:7)
  An orc (D:7)
2 creatures vanquished.

Grand Total: 127 creatures vanquished

Notes
Turn   | Place    | Note
-------+----------+-------------------------------------------
     0 | D:1      | Flugslaktarn the Deep Dwarf Fighter began the quest for the
                  | Orb.
     0 | D:1      | Reached XP level 1. HP: 20/20 MP: 1/1
    98 | D:2      | Reached XP level 2. HP: 27/27 MP: 2/2
   182 | D:3      | Reached skill level 3 in Axes
   207 | D:3      | Reached XP level 3. HP: 33/33 MP: 3/3
   265 | D:4      | Reached XP level 4. HP: 37/42 MP: 4/4
   344 | D:5      | Entered Level 5 of the Dungeon
   344 | D:5      | Noticed an ice beast
   361 | D:5      | Killed an ice beast
   361 | D:5      | Reached skill level 4 in Axes
   361 | D:5      | Reached XP level 5. HP: 38/49 MP: 5/5
   732 | D:4      | Reached XP level 6. HP: 31/56 MP: 6/6
   759 | D:4      | Reached skill level 5 in Axes
  1003 | D:5      | Found a shadowy altar of Dithmenos.
  1207 | D:5      | Noticed a steam dragon
  1208 | D:5      | Noticed a steam dragon
  1218 | D:5      | Killed a steam dragon
  1218 | D:5      | Reached skill level 5 in Armour
  1218 | D:5      | Reached skill level 5 in Shields
  1218 | D:5      | Reached XP level 7. HP: 42/64 MP: 6/6
  1228 | D:5      | Killed a steam dragon
  1228 | D:5      | Reached skill level 6 in Axes
  1330 | D:5      | Found a glowing silver altar of Zin.
  1410 | D:5      | Found a blossoming altar of Fedhas.
  1439 | D:5      | Found a radiant altar of Vehumet.
  1675 | D:6      | Noticed Sigmund
  1683 | D:6      | Killed Sigmund
  1829 | D:6      | Reached XP level 8. HP: 48/73 MP: 7/7
  1856 | D:6      | Reached skill level 7 in Axes
  2470 | D:7      | Found a staircase to the Ecumenical Temple.
  2479 | D:7      | Reached skill level 5 in Fighting
  2496 | Temple   | Entered the Ecumenical Temple
  2650 | D:7      | Reached skill level 8 in Axes
  2714 | D:7      | Gained mutation: You passively map the area around you.
                  | [Deep Dwarf growth]
  2714 | D:7      | Reached XP level 9. HP: 25/81 MP: 8/8
  2807 | D:7      | Noticed Maggie
  2834 | D:7      | Reached skill level 9 in Axes
  2850 | D:7      | Killed Maggie
  3073 | D:7      | Noticed Menkaure
  3083 | D:7      | Killed Menkaure
  3341 | D:7      | Reached skill level 10 in Axes
  3575 | D:8      | Found a shimmering altar of Xom.
  3576 | D:8      | Found a shimmering altar of Xom.
  3577 | D:8      | Found a shimmering altar of Xom.
  3640 | D:8      | Reached XP level 10. HP: 39/92 MP: 2/2
  3810 | D:8      | Found an opulent altar of Gozag.
  3831 | D:8      | Noticed a gargoyle
  3853 | D:8      | Killed a gargoyle
  3901 | D:8      | Found a shimmering altar of Xom.
  4004 | D:8      | Found a hide-covered altar of Uskayaw.
  4005 | D:8      | Found a sacrificial altar of Ru.
  4114 | D:8      | Found a bloodstained altar of Trog.
  4142 | D:8      | Quit the game

Illustrated notes

Levels and vault maps discovered:
D:1:      dpeg_arrival_ternary, layout_loops_ring,
          chequers_serial_rivers_micro_b, minmay_pentomino_x2
D:2:      layout_basic, lemuel_coloured_pillars_altar
D:3:      layout_rooms, minmay_goblin_kobold_house
D:4:      layout_basic
D:5:      kennysheep_steamy, layout_basic, vehumet_statue, fedhas_altar_4,
          zin_scriptorium, nicolae_dithmenos_through_a_glass_darkly,
          first_ration
D:6:      layout_basic, uniq_sigmund
D:7:      layout_gridville, minmay_temple_entry_glass, minmay_ruffians,
          uniq_maggie, uniq_menkaure
D:8:      layout_cave_pools, lightli_temple_of_fire,
          nicolae_gozag_cash_rules_everything_around_me, xom_redecorated,
          gammafunk_temple_overflow_pools, hangedman_incinerator
Temple:   eino_temple_lava

Skill      XL: |  1  2  3  4  5  6  7  8  9 10 |
---------------+-------------------------------+-----
Axes           | 3 4 5 6 8 10 | 10.6
Fighting       | 3 4 5 6 |  6.7
Armour         | 4 5 6 7 8 |  8.1
Shields        | 4 5 6 7 8 |  8.2

Action                   |  1- 3 |  4- 6 |  7- 9 | 10-12 || total
-------------------------+-------+-------+-------+-------++-------
Melee: War axe           |    50 |   115 |   349 |    85 ||   599
 Abil: Heal Wounds       |       |     5 |    23 |     5 ||    33
Evoke: Wand              |       |     1 |     3 |       ||     4
  Use: Scroll            |       |       |    11 |       ||    11
       Potion            |       |       |     6 |       ||     6
  Eat: Chunk             |       |     1 |     6 |       ||     7
       Ration            |       |       |     1 |       ||     1
Armor: Scale mail        |    56 |    58 |   118 |       ||   232
       Skin              |       |       |    37 |       ||    37
       Plate armour      |       |       |    25 |    75 ||   100
       Chain mail        |       |       |    10 |       ||    10
Dodge: Dodged            |    34 |    57 |   122 |    19 ||   232
Block: Kite shield       |    52 |    83 |   273 |    73 ||   481

Table legend:
 A = Non-vault XP
 B = Vault XP
 C = Vault XP percentage of total XP
 D = Non-vault monster count
 E = Vault monster count
 F = Vault count percentage of total count
                 A         B        C        D         E       F
            +---------+---------+-------+---------+---------+-------
      Total |    4463 |    2529 |  36.2 |     114 |      12 |   9.5
            +---------+---------+-------+---------+---------+-------
        D:1 |       2 |       0 |   0.0 |       1 |       0 |   0.0
        D:2 |      21 |       0 |   0.0 |       5 |       0 |   0.0
        D:3 |      18 |       0 |   0.0 |       5 |       0 |   0.0
        D:4 |     385 |       0 |   0.0 |      17 |       0 |   0.0
        D:5 |     295 |     358 |  54.8 |      14 |       2 |  12.5
        D:6 |     670 |     220 |  24.7 |      18 |       1 |   5.3
        D:7 |    1986 |    1170 |  37.1 |      38 |       5 |  11.6
        D:8 |    1086 |     781 |  41.8 |      16 |       4 |  20.0
            +---------+---------+-------+---------+---------+-------
